Map: Bel'Shir Vestige LE (Void)

Players

Namshar - Winner!

  • Race: Zerg Zerg
  • Spawn Location: 5:00

ShoWTimE

  • Race: Protoss Protoss
  • Spawn Location: 11:00

Event: WCS Austin 2017

VOD

Have the link to the VOD?

Description

Time

  • Played on: April 29, 2017, 2 p.m.
  • Length: 16:11

All games in this series

Show
View Real Time Build Order
Export as new Build Order

Namshar Zerg - Winner!

Build Orders: Pool First, Lurkers 

Get SALT Encoding   

  12  0:00  Drone  
  13  0:12  Overlord  
  13  0:17  Drone  
  14  0:30  Drone x2  
  14  0:34  Drone  
  17  0:52  Drone  
  17  0:53  Extractor  
  17  0:54  Spawning Pool  
  17  0:56  Drone  
  17  1:13  Hatchery  
  17  1:17  Drone  
  17  1:20  Drone  
  18  1:28  Drone  
  19  1:40  Queen  
  19  1:41  Zergling x2  
  22  1:59  Overlord  
  22  2:02  Metabolic Boost  
  22  2:13  Hatchery  
  21  2:21  Queen  
  23  2:26  Drone  
  23  2:27  Drone  
  25  2:31  Drone  
  25  2:33  Drone  
  25  2:36  Drone  
  28  2:40  Drone  
  29  2:47  Zergling x2  
  30  2:52  Drone x2  
  30  2:55  Zergling x4  
  34  3:00  Zergling x2  
  34  3:17  Overlord x3  
  34  3:24  Queen  
  35  3:38  Zergling x14  
  41  3:41  Zergling x2  
  41  3:47  Drone x2  
  41  3:48  Drone x3  
  46  3:54  Overlord  
  46  3:58  Drone x2  
  46  3:59  Queen  
  50  4:05  Drone  
  51  4:12  Overlord x2  
  51  4:17  Drone  
  52  4:22  Spore Crawler  
  52  4:23  Spore Crawler  
  49  4:24  Spore Crawler  
  49  4:27  Drone x2  
  49  4:28  Drone x3  
  49  4:29  Drone x2  
  53  4:32  Drone x4  
  57  4:47  Drone  
  57  4:49  Roach Warren  
  56  4:52  Spore Crawler  
  56  4:58  Drone x6  
  56  4:59  Drone  
  63  5:00  Overlord  
  62  5:08  Drone, Extractor  
  62  5:12  Drone x3, Overlord  
  62  5:14  Overlord x2  
  65  5:27  Overlord  
  65  5:29  Roach x6  
  65  5:31  Roach  
  78  5:36  Extractor  
  78  5:37  Overlord  
  77  5:43  Overlord  
  77  5:45  Roach x5  
  87  5:55  Drone  
  87  5:56  Drone x6  
  93  5:57  Extractor  
  92  6:05  Roach x2  
  96  6:13  Roach x6  
  96  6:14  Overlord x2  
  108  6:20  Roach  
  108  6:21  Roach  
  110  6:31  Roach  
  110  6:32  Roach x2  
  107  6:40  Queen  
  107  6:47  Drone x9  
  106  6:50  Drone x2  
  113  6:54  Queen  
  113  6:56  Lair  
  113  6:59  Drone x4  
  113  7:00  Drone x2  
  121  7:02  Evolution Chamber  
  121  7:07  Drone  
  121  7:19  Overlord x2  
  121  7:20  Extractor  
  118  7:22  Hatchery  
  118  7:23  Drone, Extractor  
  118  7:24  Drone x4  
  118  7:25  Drone  
  118  7:27  Zerg Missile Weapons Level 1  
  121  7:31  Zergling x4  
  121  7:33  Drone  
  121  7:35  Drone x3  
  127  7:39  Overlord  
  127  7:43  Zergling x2  
  128  7:46  Overlord  
  128  8:00  Hydralisk Den  
  128  8:03  Hatchery  
  126  8:10  Hydralisk Den, Evolution Chamber  
  126  8:12  Baneling Nest  
  121  8:26  Drone  
  123  8:27  Drone x4  
  123  8:33  Hydralisk x5  
  123  8:34  Muscular Augments, Hydralisk x7  
  150  8:43  Zerg Melee Weapons Level 1  
  150  8:45  Lurker Den  
  150  8:48  Hydralisk x4  
  152  8:55  Drone x6  
  159  8:57  Extractor  
  159  8:58  Spore Crawler  
  159  9:00  Overlord, Extractor  
  159  9:01  Overlord x2  
  161  9:04  Glial Reconstitution  
  161  9:09  Hydralisk x2  
  160  9:10  Hydralisk x2  
  168  9:26  Drone  
  168  9:27  Hydralisk, Centrifical Hooks  
  168  9:28  Hydralisk x2  
  175  9:32  Overseer  
  175  9:37  Pneumatized Carapace  
  175  9:40  Zerg Missile Weapons Level 2  
  175  9:44  Drone x3  
  175  9:45  Drone x3  
  180  9:53  Hydralisk  
  180  9:54  Hydralisk x5  
  180  9:56  Zergling x6  
  195  10:10  Spine Crawler x2  
  191  10:28  Baneling x3  
  191  10:29  Baneling x3  
  191  10:31  Hydralisk x4  
  196  10:53  Zerg Melee Weapons Level 2  
  192  11:00  Lurker  
  192  11:01  Lurker x6  
  192  11:02  Lurker  
  200  11:06  Overseer x2  
  195  11:17  Hydralisk  
  195  11:18  Hydralisk x2  
  161  11:51  Hydralisk x8  
  161  11:52  Hydralisk x8  
  181  12:01  Hydralisk x4  
  179  12:02  Zergling x20  
  174  12:35  Hydralisk x6  
  171  12:50  Lurker x3  
  171  12:51  Lurker x3  
  175  12:52  Lurker  
  175  12:53  Zergling x2  
  175  12:54  Zergling x22  
  175  12:58  Queen  
  188  12:59  Drone  
  191  13:06  Lurker x3  
  191  13:08  Extractor x2  
  187  13:28  Baneling x9  
  187  13:29  Baneling x3  
  187  13:31  Hatchery  
  171  14:04  Hydralisk x7  
  171  14:09  Drone  
  185  14:11  Hydralisk  
  185  14:12  Hydralisk x5  
  195  14:18  Hydralisk x2  
  194  14:31  Hydralisk  
  194  14:37  Hydralisk  
  194  14:38  Hydralisk x4  
  191  14:44  Hydralisk  
  191  14:45  Hydralisk  
  199  14:51  Hydralisk x8  
  183  15:01  Hydralisk x8  
  196  15:11  Hydralisk x2  
  196  15:12  Hydralisk x3  
  184  15:26  Hydralisk x3  
  184  15:27  Hydralisk x5  
  196  15:43  Overseer x2  
  196  15:44  Hydralisk x2  
Show
View Real Time Build Order
Export as new Build Order

ShoWTimE Protoss 

Build Orders: 1 Gate Expand, Oracle Opening 

Get SALT Encoding   

  12  0:00  Probe (Chrono Boost)  
  13  0:11  Probe (Chrono Boost)  
  14  0:18  Pylon  
  14  0:22  Probe (Chrono Boost)  
  15  0:36  Probe (Chrono Boost)  
  15  0:38  Gateway  
  16  0:45  Assimilator  
  16  0:47  Probe (Chrono Boost)  
  17  0:58  Probe (Chrono Boost)  
  18  1:08  Probe (Chrono Boost)  
  19  1:23  Nexus  
  20  1:25  Probe (Chrono Boost)  
  20  1:35  Cybernetics Core  
  20  1:37  Probe (Chrono Boost)  
  21  1:44  Assimilator  
  21  1:48  Probe (Chrono Boost)  
  21  1:51  Pylon  
  22  1:58  Probe (Chrono Boost)  
  23  2:12  Mothership Core (Chrono Boost)  
  23  2:13  Adept  
  27  2:23  Warp Gate  
  27  2:32  Probe (Chrono Boost)  
  27  2:36  Probe (Chrono Boost), Adept  
  32  2:44  Probe (Chrono Boost)  
  32  2:46  Probe (Chrono Boost)  
  33  2:52  Pylon  
  33  2:54  Pylon  
  33  2:56  Probe (Chrono Boost), Pylon  
  33  2:57  Probe (Chrono Boost)  
  35  3:01  Adept  
  37  3:08  Stargate  
  37  3:14  Probe (Chrono Boost)  
  37  3:17  Probe (Chrono Boost)  
  38  3:26  Probe (Chrono Boost)  
  39  3:27  Probe (Chrono Boost)  
  40  3:38  Probe x2 (Chrono Boost)  
  42  3:43  Gateway  
  42  3:44  Gateway  
  42  3:47  Oracle  
  40  3:49  Probe (Chrono Boost)  
  40  3:50  Probe (Chrono Boost)  
  40  3:53  Adept  
  45  4:02  Probe x2 (Chrono Boost)  
  49  4:04  Pylon  
  49  4:06  Twilight Council  
  49  4:14  Assimilator, Probe x2 (Chrono Boost)  
  49  4:15  Pylon  
  51  4:24  Pylon x2, Void Ray  
  51  4:30  Resonating Glaives  
  55  4:37  Pylon  
  55  4:38  Probe (Chrono Boost)  
  57  4:39  Probe (Chrono Boost)  
  57  4:47  Adept x3  
  63  5:07  Adept  
  63  5:08  Adept x2  
  63  5:12  Nexus  
  69  5:14  Pylon  
  69  5:17  Probe x2 (Chrono Boost)  
  71  5:23  Pylon  
  71  5:29  Adept x2  
  71  5:30  Adept  
  71  5:33  Assimilator  
  71  5:34  Probe x2 (Chrono Boost)  
  79  5:39  Robotics Facility  
  79  5:46  Probe x2 (Chrono Boost)  
  81  5:51  Oracle  
  81  5:52  Adept x2  
  81  5:53  Adept  
  87  6:01  Probe x2 (Chrono Boost)  
  89  6:07  Pylon  
  89  6:11  Pylon  
  88  6:13  Probe x2 (Chrono Boost), Sentry  
  92  6:22  Pylon  
  92  6:25  Probe x3 (Chrono Boost)  
  85  6:36  Probe (Chrono Boost)  
  85  6:37  Robotics Facility, Probe x2 (Chrono Boost)  
  82  6:46  Probe (Chrono Boost)  
  75  6:49  Probe (Chrono Boost)  
  75  6:50  Observer  
  75  6:51  Sentry x2  
  76  6:55  Probe (Chrono Boost)  
  76  6:57  Probe (Chrono Boost)  
  78  7:01  Probe (Chrono Boost)  
  78  7:05  Forge  
  78  7:07  Probe (Chrono Boost)  
  78  7:08  Probe (Chrono Boost)  
  80  7:12  Warp Prism, Zealot  
  82  7:15  Pylon  
  82  7:17  Probe (Chrono Boost)  
  82  7:21  Probe (Chrono Boost)  
  86  7:24  Probe (Chrono Boost), Immortal, Protoss Ground Weapons Level 1  
  86  7:27  Gateway  
  86  7:29  Gateway  
  91  7:30  Pylon  
  91  7:33  Pylon  
  91  7:37  Assimilator  
  91  7:38  Assimilator  
  91  7:45  Templar Archives  
  91  7:47  Gateway x2  
  91  7:49  Zealot  
  91  7:51  Gateway  
  93  7:52  Zealot x2  
  93  7:53  Immortal  
  101  8:07  Immortal  
  101  8:12  Probe (Chrono Boost), Photon Cannon  
  106  8:15  Zealot  
  106  8:16  Psionic Storm, Zealot  
  110  8:20  Adept  
  110  8:23  Pylon  
  112  8:27  Immortal  
  112  8:31  High Templar  
  118  8:37  High Templar x2  
  122  8:43  Photon Cannon  
  122  8:46  High Templar, Immortal  
  128  8:54  Zealot, Charge, Photon Cannon  
  130  9:01  Immortal, Adept x2  
  130  9:02  Adept  
  136  9:09  Pylon  
  140  9:22  Zealot x3  
  146  9:29  Pylon  
  146  9:31  Nexus  
  146  9:33  Pylon  
  146  9:42  Immortal  
  146  9:47  Immortal  
  146  9:49  High Templar  
  156  9:54  High Templar, Zealot x3  
  156  9:55  Pylon  
  164  10:00  Archon  
  164  10:06  Photon Cannon  
  164  10:08  Photon Cannon  
  164  10:13  Probe (Chrono Boost)  
  166  10:15  Probe (Chrono Boost)  
  166  10:20  Zealot x3  
  172  10:36  Immortal  
  176  10:43  High Templar, Immortal  
  176  10:44  High Templar x3, Zealot x3  
  176  10:45  Zealot  
  176  10:48  Archon x2  
  176  11:00  Pylon  
  170  11:07  Fleet Beacon  
  170  11:08  Stargate  
  170  11:10  High Templar, Immortal  
  168  11:12  Assimilator  
  168  11:14  Assimilator  
  168  11:16  Zealot  
  168  11:17  Zealot x4  
  182  11:22  Immortal  
  182  11:23  Zealot x2  
  180  11:30  Mothership Core (Chrono Boost)  
  167  11:41  Probe x3 (Chrono Boost)  
  167  11:44  Immortal  
  167  11:45  Zealot x6  
  166  11:50  Oracle  
  166  11:54  Probe x2 (Chrono Boost)  
  166  11:56  Probe (Chrono Boost)  
  167  12:02  Pylon  
  167  12:03  Probe (Chrono Boost)  
  167  12:06  Probe (Chrono Boost)  
  167  12:21  Zealot x5  
  165  12:27  Zealot x2  
  163  12:42  Tempest  
  165  12:45  High Templar x2  
  165  12:49  Tempest  
  175  12:53  Zealot  
  177  13:00  Pylon  
  177  13:01  Pylon  
  177  13:06  Zealot x3  
  177  13:08  High Templar x2  
  181  13:26  Zealot x4  
  181  13:27  Zealot x2  
  191  13:32  Anion Pulse-Crystals  
  193  13:39  Phoenix  
  193  13:41  Stargate x2  
  195  13:44  Phoenix  
  197  13:53  Protoss Air Weapons Level 1  
  197  14:01  Zealot x3  
  199  14:07  Zealot  
  187  14:20  Zealot x3  
  187  14:21  Zealot  
  188  14:25  Observer  
  188  14:26  Phoenix x2  
  188  14:29  Phoenix  
  188  14:30  Phoenix  
  142  14:39  Zealot x3  
  138  14:50  Zealot x4  
  103  15:00  High Templar x4  
  103  15:05  Archon  
  103  15:06  Archon  
  107  15:15  High Templar x4  
  103  15:41  High Templar  
Tags
 
Add a new tag
Caveats
  • Supply blocks, unpowered buildings, or Contaminate may cause inaccurate times.
  • Supply counts are checked every 10 seconds.